 Dungeon Crawl Stone Soup version 0.19-a0-934-gf1df8d1 (webtiles) character file.

17578 st0uf the Party-goer (level 12, -11/94 HPs)
             Began as a Formicid Fighter on July 7, 2016.
             Was a High Priest of Uskayaw.
             Killed by divine providence
             ... invoked by an orc priest
              (14 damage)
             ... on level 2 of the Orcish Mines.
             The game lasted 01:09:58 (16561 turns).

st0uf the Party-goer (Formicid Fighter)            Turns: 16561, Time: 01:10:00

Health: -11/94     AC: 25    Str: 23    XL:     12   Next: 84%
Magic:  0/19       EV: 10    Int:  7    God:    Uskayaw [*****.]
Gold:   1496       SH: 13    Dex: 14    Spells: 0 memorised, 11 levels left

rFire  . . .     SeeInvis +     B - +0 battleaxe (freeze)
rCold  + + .     Gourm    .     z - +3 crystal plate armour {rC+}
rNeg   . . .     Faith    .     c - +1 shield
rPois  .         Spirit   +     (helmet unavailable)
rElec  .         Dismiss  .     a - +0 cloak {rC+}
rCorr  +         Reflect  .     E - +0 pair of gloves of the Castellan {rCorr}
SustAt .         Harm     .     (no boots)
MR     +....                    b - amulet of guardian spirit
Stlth  ..........               K - +3 ring of evasion
                                j - +2 ring of slaying

@: somewhat resistant to hostile enchantments, extremely unstealthy
A: permanent stasis, dig shafts and tunnels, four strong arms, antennae 3
a: Dig, Shaft Self, Stomp, Line Pass, Grand Finale, Renounce Religion


You were on level 2 of the Orcish Mines.
You worshipped Uskayaw.
Uskayaw was extremely pleased with you.
You were hungry.

You visited 3 branches of the dungeon, and saw 13 of its levels.
You also visited: Ice Cave.

You collected 1496 gold pieces.

Inventory:

Hand Weapons
 p - the +6 falchion of the Forsaken Dances {slice, rElec rPois rC- MR+ Dex+7}
   (You found it on level 4 of the Dungeon)

   It inflicts extra damage upon your enemies.
   It affects your dexterity (+7).
   It makes you vulnerable to cold.
   It insulates you from electricity.
   It protects you from poison.
   It affects your resistance to hostile enchantments.
 B - a +0 battleaxe of freezing (weapon)
Armour
 a - a +0 cloak of cold resistance (worn)
 c - a +1 shield (worn)
 z - a +3 crystal plate armour of cold resistance (worn)
 E - the +0 pair of gloves of the Castellan (worn) {rCorr}
   (You found it on level 7 of the Dungeon)

   It protects you from acid and corrosion.
Jewellery
 b - an amulet of guardian spirit (around neck)
 j - a +2 ring of slaying (left hand)
 m - an uncursed ring of stealth
 H - an uncursed ring of protection from fire
 K - a +3 ring of evasion (right hand)
Wands
 e - a wand of digging (11/24)
 D - a wand of enslavement (17/24)
 J - a wand of slowing (27/48)
Scrolls
 h - a scroll of recharging
 i - 4 scrolls of identify
 l - a scroll of noise
 q - 2 scrolls of amnesia
 r - 2 scrolls of enchant weapon
 s - a scroll of random uselessness {unknown}
 u - 6 scrolls of remove curse
 v - a scroll of immolation
 x - 5 scrolls of teleportation
 O - a scroll of vulnerability {unknown}
Potions
 d - 2 potions of might
 g - 2 potions of mutation {unknown}
 k - a potion of magic {unknown}
 n - 2 potions of flight
 t - 2 potions of brilliance
 w - a potion of berserk rage
 A - 3 potions of curing
 C - a potion of beneficial mutation {unknown}
 G - a potion of degeneration {unknown}
Books
 y - a book of Alchemy

   Spells                             Type                      Level
   a - Sublimation of Blood           Necromancy                   2
   b - Ignite Poison                  Fire/Transmutation/Poison    3
   c - Petrify                        Transmutation/Earth          4
   d - Alistair's Intoxication        Transmutation/Poison         5
   e - Irradiate                      Conjuration/Transmutation    5
Comestibles
 f - 11 bread rations
 o - 7 beef jerkies


   Skills:
 + Level 8.7 Fighting
 + Level 9.0 Axes
 + Level 9.4 Armour
 + Level 5.7 Dodging
 + Level 8.7 Stealth
 + Level 9.9 Shields
 * Level 10.1 Invocations


You had 11 spell levels left.
You didn't know any spells.

Dungeon Overview and Level Annotations

Branches:
Dungeon (10/15)            Temple (1/1) D:4            Lair (0/6) D:8
    Orc (2/2) D:9             Elf (0/3) Orc:2

Altars:
Ashenzari
Cheibriados
Dithmenos
Elyvilon
Fedhas
Gozag
Hepliaklqana
Kikubaaqudgha
Makhleb
Nemelex Xobeh
Okawaru
Pakellas
Qazlal
Ru
Sif Muna
Trog
Uskayaw
Vehumet
Xom
Yredelemnul
Zin
The Shining One
Beogh

Shops:
D:9 (   Orc:2 %!

Annotations:
D:7 exclusion: orange crystal statue


Innate Abilities, Weirdness & Mutations

You are under a permanent stasis effect.
You can dig through walls and to a lower floor.
Your four strong arms can wield two-handed weapons with a shield.
You have a pair of large antennae on your head. (SInv)


Message History

You slash the orc warrior! You freeze the orc warrior.
The orc warrior is almost dead.
You hit the orc priest. You freeze the orc priest.
The orc priest barely misses you. The orc warrior hits you with a mace!
* * * LOW HITPOINT WARNING * * *
Unknown command.
You hit the orc warrior but do no damage.
The orc warrior is almost dead.
Your crystal plate armour prevents you from hitting the orc priest.
The orc priest calls down the wrath of Beogh upon you.
Pain shoots through your body!
* * * LOW HITPOINT WARNING * * *
You block the orc warrior's attack. You block the orc priest's attack.
You hit the orc priest. You freeze the orc priest.
The orc priest is severely wounded.
You hit the orc warrior. You freeze the orc warrior.
You kill the orc warrior!
The orc priest calls down the wrath of Beogh upon you.
Beogh smites you!
You die...

...........#**,,,,,,,,**,,,**,,,*
..........##*,,..#..,**,,*,,**,,,
.........###.,{#...,**,,***,,**,*
........###∩.#.....**,,*∩,**,,,{,
.......###.....#..##{{,,,,∩**,*,,
........###∩.#..)..##,,*∩,**,,,{,
.........#*#...#....##,,***,,**,*
#........####..)o#...##,,*,,**,,,
....#......###))@oo...#*{{,**,{,*
............###..###...#*{**,,,*#
.............###.)##*,,.***,,,**#
#..##........####))##*,{,*,,,***#
#####.......#.####..##*,*{*,***#.
#.......###.####..##*{,{** #..
##.......*##.####..##*{** *#..
######.## ##.####..##****#... ###
##.####..##**.##..


You could see an orc warrior and 2 orc priests.

Vanquished Creatures
  Erica (D:8)
  An ogre mage (Orc:1)
  The ghost of retryentry the Slasher, a novice DgFi (D:7)
  2 orc knights (Orc:2)
  A cyclops (Orc:2)
  An ice statue (IceCv)
  A rust devil (Orc:2)
  Psyche (D:9)
  A smoke demon (Orc:2)
  The ghost of tstbtto the Carver, a novice HEFi (D:4)
  10 ice devils (IceCv)
  Prince Ribbit (D:9)
  2 two-headed ogres (Orc:1)
  Grinder (D:4)
  Sigmund (D:6)
  3 wyverns (D:9)
  6 yaks (D:9)
  A steam dragon (D:7)
  2 hippogriffs
  Menkaure (D:6)
  2 wargs
  5 ice beasts
  An eye of draining (D:9)
  17 orc warriors
  A necrophage (D:8)
  3 centaurs
  9 ogres
  A big kobold (D:9)
  Blork the orc (D:6)
  9 giant frogs
  A gnoll sergeant (Orc:1)
  3 scorpions
  5 killer bees
  3 wights (D:8)
  4 electric eels (D:7)
  A howler monkey (D:7)
  4 crimson imps
  A centaur zombie (D:8)
  21 orc priests
  A giant frog zombie (D:5)
  3 jellies
  A centaur skeleton (D:8)
  2 giant frog skeletons
  A hound (D:4)
  20 orc wizards
  An iguana (D:8)
  9 worker ants
  A hound zombie (D:6)
  A hound skeleton (D:4)
  11 adders
  16 gnolls
  2 worker ant zombies
  A shadow imp (D:9)
  16 white imps
  6 ufetubi (IceCv)
  An ooze (D:4)
  4 worms
  2 dart slugs (D:1)
  8 giant geckos
  98 orcs
  3 ball pythons
  2 giant cockroaches
  11 goblins
  13 hobgoblins
  14 jackals
  3 quokkas
  11 bats
  5 giant newts
  A jackal skeleton (D:7)
  A jackal zombie (D:7)
  14 kobolds
  7 rats
421 creatures vanquished.

Vanquished Creatures (collateral kills)
  2 orc sorcerers (Orc:2)
  2 orc warriors (Orc:2)
4 creatures vanquished.

Vanquished Creatures (others)
  A hound (D:9)
  An orc wizard (D:9)
  A white imp (IceCv)
  6 ufetubi (IceCv)
  2 orcs
  2 fungi (D:9)
13 creatures vanquished.

Grand Total: 438 creatures vanquished

Notes
Turn   | Place    | Note
-------+----------+-------------------------------------------
     0 | D:1      | st0uf the Formicid Fighter began the quest for the Orb.
     0 | D:1      | Reached XP level 1. HP: 18/18 MP: 1/1
   116 | D:1      | Reached XP level 2. HP: 23/24 MP: 2/2
   406 | D:1      | Reached XP level 3. HP: 20/29 MP: 3/3
   855 | D:1      | Reached XP level 4. HP: 37/37 MP: 4/4
   944 | D:2      | Reached skill level 1 in Dodging
  1633 | D:3      | Reached XP level 5. HP: 42/42 MP: 5/5
  1701 | D:3      | Found a hide-covered altar of Uskayaw.
  1707 | D:3      | Became a worshipper of Uskayaw the Reveler
  1758 | D:3      | Reached * piety under Uskayaw
  1764 | D:3      | Reached ** piety under Uskayaw
  2086 | D:3      | Reached XP level 6. HP: 43/48 MP: 6/6
  2375 | D:4      | Noticed tstbtto's ghost (novice HEFi)
  2438 | D:4      | Reached skill level 1 in Invocations
  2438 | D:4      | Reached *** piety under Uskayaw
  2439 | D:4      | Reached **** piety under Uskayaw
  2444 | D:4      | Reached ***** piety under Uskayaw
  2511 | D:4      | Found a staircase to the Ecumenical Temple.
  2519 | Temple   | Entered the Ecumenical Temple
  2675 | D:4      | Got a twisted falchion
  2697 | D:4      | Reached skill level 1 in Stealth
  2722 | D:4      | Reached XP level 7. HP: 49/55 MP: 8/8
  2766 | D:4      | Reached skill level 2 in Invocations
  2953 | D:4      | Identified the +6 falchion of the Forsaken Dances {slice, rElec rPois rC- MR+ Dex+7} (You found it on level 4 of the Dungeon)
  2989 | D:4      | Reached skill level 5 in Armour
  2989 | D:4      | Reached skill level 5 in Shields
  3363 | D:4      | Found an ancient bone altar of Kikubaaqudgha.
  3421 | D:4      | Noticed Grinder
  3435 | D:4      | Killed Grinder
  3810 | D:4      | Reached skill level 5 in Fighting
  3810 | D:4      | Reached XP level 8. HP: 50/62 MP: 10/10
  3874 | D:4      | Reached skill level 3 in Invocations
  4042 | D:4      | Killed tstbtto's ghost
  4085 | D:5      | Entered Level 5 of the Dungeon
  4457 | D:5      | Reached skill level 4 in Invocations
  4953 | D:5      | Reached XP level 9. HP: 62/68 MP: 12/12
  5282 | D:6      | Noticed Blork the orc
  5293 | D:6      | Killed Blork the orc
  5306 | D:6      | Found an iron altar of Okawaru.
  5330 | D:6      | Noticed Sigmund
  5340 | D:6      | Killed Sigmund
  5340 | D:6      | Reached skill level 5 in Axes
  5424 | D:6      | Noticed Menkaure
  5430 | D:6      | Killed Menkaure
  5430 | D:6      | Reached skill level 5 in Invocations
  6554 | D:7      | Noticed retryentry's ghost (novice DgFi)
  7204 | D:7      | Killed retryentry's ghost
  7204 | D:7      | Reached skill level 6 in Invocations
  7204 | D:7      | Reached XP level 10. HP: 29/77 MP: 14/14
  9355 | D:7      | Noticed an orange crystal statue
  9375 | D:7      | Got a pair of pitted gloves
  9376 | D:7      | Identified the cursed +0 pair of gloves of the Castellan {rCorr} (You found it on level 7 of the Dungeon)
  9524 | D:8      | Reached skill level 7 in Invocations
  9630 | D:8      | Found a staircase to the Lair.
 10259 | D:9      | Noticed Prince Ribbit
 10259 | D:9      | Noticed Erica
 10340 | D:9      | Reached skill level 5 in Dodging
 10347 | D:9      | Found Wud Goh's Antique Weapon Shoppe.
 10394 | D:9      | Noticed Psyche
 10407 | D:9      | Killed Psyche
 10407 | D:9      | Reached XP level 11. HP: 9/84 MP: 16/16
 10742 | D:9      | Reached skill level 5 in Stealth
 10752 | D:9      | Found a staircase to the Orcish Mines.
 11243 | D:8      | HP: 4/84 [Erica/scimitar of flaming (1)]
 11244 | D:8      | Killed Erica
 11244 | D:8      | Reached skill level 8 in Invocations
 11664 | D:9      | Found a stormy altar of Qazlal.
 11904 | D:9      | Found a runed door.
 12230 | D:9      | Found a roughly hewn altar of Beogh.
 12508 | D:9      | Killed Prince Ribbit
 12970 | D:10     | Entered Level 10 of the Dungeon
 13013 | Orc:1    | Entered Level 1 of the Orcish Mines
 13196 | Orc:1    | Noticed an ogre mage
 13203 | Orc:1    | Reached skill level 9 in Invocations
 13214 | Orc:1    | Killed an ogre mage
 13463 | Orc:2    | Entered Level 2 of the Orcish Mines
 13523 | Orc:2    | Noticed an orc sorcerer
 13529 | Orc:2    | Killed an orc sorcerer
 13529 | Orc:2    | Reached XP level 12. HP: 21/92 MP: 17/19
 13631 | Orc:2    | Found a frozen archway.
 13706 | IceCv    | Entered an ice cave
 16142 | Orc:2    | Reached skill level 10 in Invocations
 16333 | Orc:2    | Found a staircase to the Elven Halls.
 16538 | Orc:2    | Found Duczeqyne's Distillery.
 16545 | Orc:2    | Found Xeneuh Nogoa's Food Boutique.
 16560 | Orc:2    | HP: 3/94 [orc priest/nerve-wracking pain (6)]
 16561 | Orc:2    | Killed from afar by an orc priest

Vault maps used:
D:1:      ncdulo_smallfort, st_stairs_11, minmay_misc_feat_iff
D:3:      lemuel_round_altar
D:4:      nicolae_overflow_crystal_walls, first_bread, minivault_27,
          uniq_grinder
D:5:      kennysheep_generic_room_13
D:6:      okawaru_altar_gauntlet_db, minmay_strange_pillars, uniq_menkaure,
          uniq_blork_the_orc, uniq_sigmund
D:7:      statuecave_lemuel, grunt_ogre_cave
D:8:      lair_0_dummy
D:9:      kennysheep_mini, erik_orc_3, serial_shops, kennysheep_little_box,
          minivault_10, minmay_gold_behind_fungi, lightli_church_of_beogh,
          uniq_psyche, uniq_prince_ribbit1, uniq_erica
D:10:     lemuel_tele_altar, uniq_maud, uniq_joseph
Temple:   dpeg_five_rooms_temple
Orc:2:    pf_orc_diabolical, portal_ice_cave_entry_imps
IceCv:    ice_cave_small_demon

Skill      XL: |  1  2  3  4  5  6  7  8  9 10 11 12 |
---------------+-------------------------------------+-----
Dodging        | 1 2 3 4 5 |  5.7
Armour         | 4 5 6 7 8 9 |  9.4
Shields        | 4 5 6 7 8 9 |  9.9
Fighting       | 4 5 6 7 8 |  8.7
Axes           | 3 4 6 7 9 |  9.0
Invocations    | 1 2 4 6 7 9 10 | 10.1
Stealth        | 1 2 3 4 7 8 |  8.7

Action                   |  1- 3 |  4- 6 |  7- 9 | 10-12 || total
-------------------------+-------+-------+-------+-------++-------
Melee: War axe           |    83 |   169 |   303 |   491 ||  1046
       Battleaxe         |       |       |       |   244 ||   244
Invok: Stomp             |       |       |    18 |    28 ||    46
       Line Pass         |       |       |       |     1 ||     1
 Abil: Dig               |     1 |     8 |     3 |    25 ||    37
Evoke: Wand              |       |       |       |     1 ||     1
  Use: Scroll            |       |       |     5 |    16 ||    21
 Stab: Paralysed         |       |     3 |     6 |    77 ||    86
       Sleeping          |       |       |     5 |       ||     5
       Distracted        |       |       |       |     1 ||     1
  Eat: Chunk             |       |     7 |    16 |    20 ||    43
       Meat ration       |       |       |     1 |     1 ||     2
       Beef jerky        |       |       |       |     3 ||     3
       Royal jelly       |       |       |       |     2 ||     2
       Pizza             |       |       |       |     1 ||     1
Armor: Scale mail        |    51 |    73 |    78 |   103 ||   305
       Plate armour      |       |       |       |    99 ||    99
       Crystal plate arm |       |       |       |    25 ||    25
Dodge: Dodged            |    25 |    70 |   101 |   356 ||   552
Block: Shield            |    35 |    95 |   184 |   492 ||   806
